cohdb
Replays
Latest Replays
All Replays
Popular Replays
Top Player Replays
Match Explorer
How It Works
Community
CoH3 Stats
Reddit
Sign in to upload your games and track your stats! →
Sign in with Steam
Match 45914543
Unlisted
Match 45914543
Overview
Messages
Build Orders
End
Construct Infanterie Kompanie
Selects Luftwaffe Battlegroup
Selects Luftwaffe Pioneer Support
Fallschirmpioneer Squad Paradrop
MG 42 Machine Gun Team
Fallschirmpioneer Squad Paradrop
Grenadier Squad
Infanterie Officer Quarters
Grenadier Squad
Construct Luftwaffe Kompanie
Selects LG40 Recoilless Gun Paradrop
Jäger Squad
Jäger Squad
Jäger Squad
Luftwaffe Officer Quarters
Selects Infantry Reserves
Selects Stuka Strafing Run
Jäger Squad
Jäger Squad
Construct Panzer Kompanie
Selects Fallschirmjäger Squad Paradrop
Panzer IV Medium Tank
Selects Stuka Loiter
Stuka Loiter
Medical Bunker
Jäger Squad
Stuka Strafing Run
Panzer IV Medium Tank
Medical Station
Panzer IV Medium Tank
Panzer Officer Quarters
Stuka Loiter
Side Skirts
Stuka Loiter
Panzer IV Medium Tank
T.R. Olvadi
Bartolomaeus Bart
[PD]Folscher
Dromaeda
Dreamerpython
##########
0
0
Comments
sign in to comment!
No comments posted yet!